 Dungeon Crawl Stone Soup version 0.32-a0-35-gd9ff480968 (webtiles) character file.

Game seed: 7104018337451243510

145898 cforsyth the Warrior (level 18, -6/149 HPs)
             Began as a Djinni Enchanter on Jan 23, 2024.
             Was the Champion of Fedhas.
             Mangled by a spark wasp (15 damage)
             ... on level 4 of the Spider Nest.
             The game lasted 01:36:40 (46645 turns).

cforsyth the Warrior (Djinni Enchanter)            Turns: 46645, Time: 01:36:40

Health: -6/149     AC: 10    Str:  7    XL:     18   Next: 5%
Gold:   2080       EV: 10    Int: 24    God:    Fedhas [******] SH:  0 Dex: 18

rFire   + + .        z - +7 glaive of Responsibility {drain, Dex+3}
rCold   + . .        (shield currently unavailable)
rNeg    . . .        c - +1 troll leather armour
rPois   ∞            k - +1 helmet {SInv}
rElec   .            u - +2 cloak
rCorr   .            t - +0 pair of gloves
SInv    +            (boots unavailable)
Will    +....        B - amulet of the acrobat
Stlth   +++          V - ring "Nirre" {rC+ SInv Stlth+}
HPRegen 1.24/turn    D - ring of protection from cold
MPRegen 0.00/turn

%: acrobat, infuse magic (-7 HP)
@: flying, held, studying Spellcasting
A: sickness immunity, fire resistance 2, cold vulnerability 1, float, innate
caster, HP casting, extra vitality 1
a: Renounce Religion, Wall of Briars, Grow Ballistomycete, Overgrow, Grow Oklob


You were on level 4 of the Spider Nest.
You worshipped Fedhas.
Fedhas was exalted by your worship.
You visited 5 branches of the dungeon, and saw 27 of its levels.
You also visited: Sewer, Ossuary, Bailey, Gauntlet and Volcano.

You collected 3710 gold pieces.
You spent 1630 gold pieces at shops.

Inventory:

Hand Weapons
 a - the +6 scimitar "Ruoseq" {heavy, rF+}
   (You found it on level 15 of the Dungeon)

   rF+:       It protects you from fire.
 z - the +7 glaive of Responsibility (weapon) {drain, Dex+3}
   (You found it in a sewer)

   Dex+3:     It affects your dexterity (+3).
 M - the +0 quarterstaff of Rehaukk {freeze, *Noise rC++ Will+ Int+3}
   (You found it on level 5 of the Lair of Beasts)

   Int+3:     It affects your intelligence (+3).
   rC++:      It greatly protects you from cold.
   Will+:     It increases your willpower.
   *Noise:    It may make a loud noise when swung.
Armour
 b - the +1 cloak of Amelioration {rN++ Str+3 Dex-4}
   (You found it in a Gauntlet)

   Str+3:     It affects your strength (+3).
   Dex-4:     It affects your dexterity (-4).
   rN++:      It greatly protects you from negative energy.
 c - a +1 troll leather armour (worn)
 k - a +1 helmet of see invisible (worn)
 t - a +0 pair of gloves (worn)
 u - a +2 cloak (worn)
 O - a +0 kite shield of protection
Jewellery
 e - a ring of resist corrosion
 B - an amulet of the acrobat (around neck)
 D - a ring of protection from cold (right hand)
 H - a +6 ring of dexterity
 I - the ring of Gin and Tonic {*Slow rPois rC+ rN+ Dex+4}
   (You found it on level 9 of the Dungeon)

   [ring of protection from cold]

   Dex+4:     It affects your dexterity (+4).
   rC+:       It protects you from cold.
   rPois:     It protects you from poison rN+: It protects you from negative
   energy.
   *Slow:     It may slow you when you take damage.
 L - a ring of ice
 Q - a ring of wizardry
 R - a ring of protection from fire
 S - a +6 ring of intelligence
 U - the amulet "Uhexyu" {Acrobat Str+4 Int-3 Dex+3 Stlth+}
   (You found it on level 10 of the Dungeon)

   [amulet of the acrobat]

   Acrobat:   It increases your evasion while moving and waiting.
   Str+4:     It affects your strength (+4).
   Int-3:     It affects your intelligence (-3).
   Dex+3:     It affects your dexterity (+3).
   Stlth+:    It makes you more stealthy.
 V - the ring "Nirre" (left hand) {rC+ SInv Stlth+}
   (You bought it in a shop on level 10 of the Dungeon)

   [ring of see invisible]

   rC+:       It protects you from cold.
   SInv:      It lets you see invisible.
   Stlth+:    It makes you more stealthy.
 Y - an amulet of reflection
Wands
 f - a wand of flame (34)
 o - a wand of iceblast (15)
 w - a wand of polymorph (14)
 J - a wand of light (36)
 N - a wand of mindburst (39)
 X - a wand of paralysis (14)
Scrolls
 g - 2 scrolls of silence
 h - 4 scrolls of revelation
 i - 3 scrolls of poison {unknown}
 l - 5 scrolls of fog {unknown}
 m - 4 scrolls of torment
 p - a scroll of vulnerability
 s - 12 scrolls of teleportation
 y - 4 scrolls of summoning
 C - 9 scrolls of noise {unknown}
 E - 7 scrolls of fear
 G - 2 scrolls of enchant armour
 K - 6 scrolls of enchant weapon {unknown}
 P - 3 scrolls of immolation
Potions
 d - 5 potions of mutation
 j - 3 potions of might
 n - 2 potions of lignification
 q - 4 potions of enlightenment
 r - 8 potions of ambrosia
 v - a potion of resistance
 x - 6 potions of curing
 A - 2 potions of attraction
 F - 3 potions of haste
 W - a potion of brilliance
Miscellaneous
 T - a phantom mirror
 Z - a tin of tremorstones (2/2)


   Skills:
 - Level 20.0 Fighting
 - Level 0.8 Short Blades
 + Level 13.6 Dodging
 - Level 2.4 Stealth
 + Level 9.8 Shields
 + Level 18.3 Spellcasting
 + Level 15.9 Conjurations
 + Level 15.9 Hexes
 + Level 15.9 Summonings
 + Level 15.9 Necromancy
 + Level 15.9 Translocations
 + Level 15.9 Fire Magic
 + Level 15.9 Ice Magic
 + Level 15.9 Air Magic
 + Level 15.9 Earth Magic
 + Level 15.9 Alchemy


You knew the following spells:

 Your Spells              Type           Power      Damage    Failure   Level
a - Ensorcelled Hibernat  Hex/Ice        100%       N/A       0%          2
b - Confusing Touch       Hex            78%        N/A       0%          3
c - Tukima's Dance        Hex            78%        N/A       0%          3
d - Dazzling Flash        Conj/Hex       100%       N/A       0%          3
e - Magic Dart            Conj           100%       1d8       0%          1
f - Blink                 Tloc           100%       N/A       0%          2
g - Mercury Vapours       Alch/Air       100%       N/A       0%          2
h - Manifold Assault      Tloc           78%        N/A       1%          4
i - Fireball              Conj/Fire      39%        3d16      1%          5
j - Summon Mana Viper     Hex/Summ       78%        N/A       1%          5
k - Conjure Ball Lightni  Conj/Air       39%        3x3d13    1%          6
l - Monstrous Menagerie   Summ           39%        N/A       4%          7
Your spell library was empty.

Dungeon Overview and Level Annotations

Branches:
Dungeon (15/15)            Temple (1/1) D:6            Lair (5/5) D:10
  Swamp (0/4) Lair:2       Spider (4/4) Lair:2        Slime (0/5) Lair:5
    Orc (2/2) D:9             Elf (0/3) Orc:2        Vaults (0/5) D:13
 Depths (0/4) D:15          Sewer (visited)         Ossuary (visited)
 Bailey (visited)         Volcano (visited)         Gauntlet (visited)

Altars:
Ashenzari
Cheibriados
Dithmenos
Elyvilon
Fedhas
Gozag
Hepliaklqana
Makhleb
Nemelex Xobeh
Okawaru
Qazlal
Ru
Trog
Uskayaw
Wu Jian
Xom
Yredelemnul
Zin
The Shining One
Jiyva

Shops:
D:3 ?   D:4 =   D:10 =   D:15 :   Orc:2 *[[:(

Annotations:
D:11 3 runed translucent doors, Lightli's ghost, journeyman OnAl


Innate Abilities, Weirdness & Mutations

You are immune to sickness and miasma.
You are immune to poison.
Your flesh is very heat resistant. (rF++)
You are vulnerable to cold. (rC-)
You float through the air rather than walking.
You learn spells naturally, not from books.
Your magical power is your life essence.
You have superior vitality. (+4 MHP)


Message History

Your lindwurm bites the spark wasp but does no damage.
Your lindwurm misses the spark wasp.
Your lindwurm claws the spark wasp but does no damage.
Your mana viper is caught in a web!
The spark wasp barely misses your lindwurm.
Space momentarily warps into an impossible shape!
You miss the spark wasp.
Your mana viper disappears in a puff of smoke!
The spark wasp barely misses your lindwurm.
Your lindwurm breathes flames at the spark wasp.
The blast of flame hits the spark wasp!!!
The spark wasp stings your lindwurm! The spark wasp shocks your lindwurm!
Your lindwurm dies!
Your lindwurm's corpse disappears in a puff of smoke!
The spark wasp buzzes angrily.
Found 23 gold pieces.
The spark wasp closely misses you. The spark wasp misses you.
You are caught in the web!
The spark wasp closely misses you.
There is a web here.
Casting: Manifold Assault (safe; 1% risk of failure)
Confirm with . or Enter, or press ? or * to list all spells.
A mana viper appears with a sibilant hiss.
The spark wasp closely misses you. The spark wasp stings you!!
The spark wasp shocks you!
Casting: Summon Mana Viper (safe; 1% risk of failure)
Confirm with . or Enter, or press ? or * to list all spells.
You summon a manticore!
The spark wasp stings you!!
* * * LOW HITPOINT WARNING * * *
The spark wasp shocks you!
* * * LOW HITPOINT WARNING * * *
Your mana viper closely misses the spark wasp.
Casting: Monstrous Menagerie (dangerous; 4% risk of failure)
Confirm with . or Enter, or press ? or * to list all spells.
You summon a manticore!
* * * LOW HITPOINT WARNING * * *
The spark wasp stings you!
* * * LOW HITPOINT WARNING * * *
The spark wasp shocks you!
You die...
Fedhas appreciates your contribution to the ecosystem.

....... .......
#.$.... .......
.....<. .......
....... .......
.#.#... ...†#..
...^...#.H..$..
.#.....S...†...
......y@#.†....
..#........./..
.^..†.†H.†....^
.....†.########
$....## ....#
#..# ... ~#


You could see a spark wasp (ally target), 2 friendly manticores and a friendly
mana viper (summoned).

Vanquished Creatures
  The ghost of ShellytheWitch the Warrior, an adept KoBr of Dithmenos (D:15)
  A broodmother (Lair:2)
  A quicksilver ooze (Gauntlet)
  Snorg (D:12)
  A hydra (D:15)
  5 centaur warriors
  Erica (Orc:1)
  A catoblepas (Lair:5)
  6 two-headed ogres
  2 boulder beetles
  3 radroaches
  Urug (Orc:2)
  2 pharaoh ants
  An arcanist (D:12)
  An orb spider (Spider:1)
  Pikel (D:5)
  A steelbarb worm (Spider:3)
  2 orc knights (D:13)
  A deep elf pyromancer (D:15)
  2 cyclopes (D:13)
  3 ugly things
  A deep elf zephyrmancer (D:12)
  Maurice (D:11)
  2 moths of wrath
  A salamander (Volcano)
  7 elephants
  A black mamba (Lair:5)
  Joseph (D:7)
  A kobold blastminer (Orc:2)
  An ice statue (Gauntlet)
  A cane toad (shapeshifter) (D:13)
  A gargoyle (D:14)
  3 cane toads
  An unseen horror (D:11)
  Maggie (D:6)
  A kobold demonologist (D:13)
  2 komodo dragons
  A rime drake (Lair:5)
  2 efreet
  3 trolls
  2 hornets
  A polar bear (Lair:1)
  6 tarantellas
  10 blink frogs
  5 dream sheep (Lair:4)
  9 jumping spiders
  A vampire (D:9)
  4 slime creatures
  3 culicivoras
  A wraith (D:10)
  2 shadows (D:12)
  13 yaks
  3 basilisks
  A wyvern (D:9)
  A fire bat (Volcano)
  3 wargs
  6 vampire mosquitoes
  13 redbacks
  A steam dragon (D:10)
  Menkaure (D:6)
  An acid dragon (D:12)
  5 water moccasins
  3 nameless horrors
  24 orc warriors
  An ice beast (D:7)
  A laughing skull (D:13)
  6 black bears
  2 boggarts (Gauntlet)
  13 ogres
  14 wolves
  26 centaurs
  5 kobold brigands
  8 bullfrogs
  A scorpion (D:5)
  6 wights
  A burial acolyte (Ossuary)
  14 killer bees
  An electric eel (D:10)
  A lava snake (D:9)
  2 bombardier beetles
  4 jellies
  A gnoll bouda (D:6)
  7 hounds
  17 orc priests
  Crazy Yiuf (D:3)
  4 iguanas
  20 orc wizards
  Ijyb (D:3)
  A mummy (Ossuary)
  7 gnolls
  10 adders
  2 river rats (Lair:5)
  A white imp (D:6)
  2 ribbon worms
  5 dart slugs
  80 orcs
  14 ball pythons
  4 bats
  30 endoplasms
  12 giant cockroaches
  9 goblins
  5 hobgoblins
  14 kobolds
  5 quokkas
  11 frilled lizards
  10 gnoll skeletons (Ossuary)
  4 kobold skeletons (Ossuary)
  6 orc skeletons (Ossuary)
  6 rats
584 creatures vanquished.

Vanquished Creatures (collateral kills)
  Rupert (Lair:3)
  Gastronok (Lair:3)
  3 emperor scorpions (Spider:2)
  A fire giant (D:15)
  A ghost moth (Spider:3)
  An orc warlord (Orc:2)
  3 broodmothers
  2 spark wasps
  A dire elephant (Lair:5)
  2 entropy weavers
  A catoblepas (D:8)
  3 hydras
  A radroach (Spider:2)
  3 boulder beetles
  A death knight (D:15)
  3 centaur warriors
  5 death yaks
  3 two-headed ogres
  A death scarab (Spider:1)
  A deep troll shaman (Lair:5)
  2 orc high priests (Orc:2)
  7 demonic crawlers
  Sonja (D:12)
  6 pharaoh ants
  Lodul (D:12)
  6 orb spiders
  4 steelbarb worms
  2 necromancers
  12 wolf spiders
  5 orc knights
  5 orc sorcerers (Orc:2)
  6 ugly things
  A salamander (Volcano)
  3 cyclopes
  A worldbinder (Gauntlet)
  2 black mambas
  15 elephants
  3 kobold blastminers (Orc:2)
  A gargoyle (D:12)
  2 torpor snails
  8 cane toads
  3 rime drakes
  4 komodo dragons
  2 efreet (D:14)
  2 polar bears
  18 tarantellas
  6 trolls
  A queen bee (D:11)
  5 blink frogs (Lair:5)
  6 nameless horrors
  2 dream sheep (Lair:4)
  8 jumping spiders
  A wraith (D:13)
  A spriggan (Lair:4)
  2 wyverns
  20 yaks
  14 culicivoras
  A fire bat (Volcano)
  2 slime creatures (D:13)
  A vampire (D:11)
  5 basilisks
  4 wargs
  A steam dragon (D:8)
  15 redbacks
  9 vampire mosquitoes
  A hell hound (Volcano)
  8 water moccasins
  8 orc warriors
  A laughing skull (D:13)
  3 ogres
  13 wolves
  3 centaurs (D:15)
  A kobold brigand (D:8)
  5 bullfrogs
  A wight (D:10)
  16 killer bees
  An orc priest (D:10)
  6 jellies (Lair:1)
  4 orc wizards
  2 hell rats (Lair:5)
  8 river rats (Lair:5)
  An orc (Orc:1)
  An endoplasm (Lair:1)
  2 kobolds (D:8)
349 creatures vanquished.

Vanquished Creatures (others)
  A pharaoh ant (Spider:1)
  A sleepcap (D:6)
  A ball lightning (Lair:4)
3 creatures vanquished.

Grand Total: 936 creatures vanquished

Notes
Turn   | Place    | Note
-------+----------+-------------------------------------------
     0 | D:1      | cforsyth the Djinni Enchanter began the quest for the Orb.
     0 | D:1      | cforsyth set off with the following spells memorised:
                  | Ensorcelled Hibernation, Confusing Touch, Tukima's Dance,
                  | Dazzling Flash.
     0 | D:1      | Reached XP level 1. HP: 15/15 MP: 0/0
   145 | D:1      | Reached XP level 2. HP: 13/22 MP: 0/0
   335 | D:1      | Reached skill level 1 in Fighting
  1112 | D:2      | Reached XP level 3. HP: 22/27 MP: 0/0
  1112 | D:2      | Learned a level 1 spell: Magic Dart
  1537 | D:2      | Reached skill level 2 in Fighting
  1682 | D:2      | Reached XP level 4. HP: 31/33 MP: 0/0
  2167 | D:3      | Reached skill level 3 in Fighting
  2167 | D:3      | Reached XP level 5. HP: 15/40 MP: 0/0
  2167 | D:3      | Learned a level 2 spell: Blink
  2395 | D:3      | Noticed Ijyb
  2413 | D:3      | Killed Ijyb
  2662 | D:3      | Reached XP level 6. HP: 44/46 MP: 0/0
  2775 | D:3      | Found Dexiopn's Magic Scroll Shoppe.
  2778 | D:3      | Bought a scroll of identify for 28 gold pieces
  2778 | D:3      | Bought a scroll of identify for 28 gold pieces
  2778 | D:3      | Bought a scroll of teleportation for 42 gold pieces
  3001 | D:3      | Noticed a shining eye
  3004 | D:3      | Found a faded altar of an unknown god.
  3021 | D:3      | Noticed an eye of devastation
  3021 | D:3      | Noticed a shining eye
  3021 | D:3      | Noticed a great orb of eyes
  3173 | D:3      | Found a runed translucent door.
  3174 | D:3      | Noticed Crazy Yiuf
  3187 | D:3      | Killed Crazy Yiuf
  3472 | D:4      | Reached skill level 4 in Fighting
  3809 | D:4      | Found an ornate altar of the Wu Jian Council.
  3856 | D:4      | Noticed a water moccasin
  3871 | D:4      | Killed a water moccasin
  3872 | D:4      | Reached XP level 7. HP: 35/53 MP: 0/0
  3872 | D:4      | Learned a level 2 spell: Mercury Vapours
  3981 | D:4      | Found Lasi's Jewellery Emporium.
  4373 | D:4      | Found a basalt altar of Yredelemnul.
  4431 | D:5      | Entered Level 5 of the Dungeon
  4700 | D:5      | Reached skill level 5 in Fighting
  4721 | D:5      | Reached skill level 5 in Spellcasting
  4721 | D:5      | Reached skill level 5 in Conjurations
  4721 | D:5      | Reached skill level 5 in Hexes
  4721 | D:5      | Reached skill level 5 in Summonings
  4721 | D:5      | Reached skill level 5 in Necromancy
  4721 | D:5      | Reached skill level 5 in Translocations
  4721 | D:5      | Reached skill level 5 in Fire Magic
  4721 | D:5      | Reached skill level 5 in Ice Magic
  4721 | D:5      | Reached skill level 5 in Air Magic
  4721 | D:5      | Reached skill level 5 in Earth Magic
  4721 | D:5      | Reached skill level 5 in Alchemy
  4750 | D:5      | Noticed a water moccasin
  4765 | D:5      | Killed a water moccasin
  4897 | D:5      | Found a glowing drain.
  4902 | Sewer    | Entered a sewer
  4917 | Sewer    | Reached XP level 8. HP: 59/61 MP: 0/0
  5309 | Sewer    | Reached skill level 6 in Fighting
  5444 | Sewer    | Identified the +7 glaive of Responsibility {drain, Dex+3}
  5881 | D:6      | Noticed Pikel
  5896 | D:5      | Killed Pikel
  5897 | D:5      | Reached skill level 7 in Fighting
  5897 | D:5      | Reached XP level 9. HP: 23/69 MP: 0/0
  5897 | D:5      | Learned a level 4 spell: Manifold Assault
  6183 | D:6      | Noticed Maggie
  6194 | D:6      | Killed Maggie
  6195 | D:6      | Reached skill level 8 in Fighting
  6388 | D:6      | Noticed Menkaure
  6392 | D:6      | Killed Menkaure
  6551 | D:6      | Found a staircase to the Ecumenical Temple.
  6618 | Temple   | Entered the Ecumenical Temple
  6639 | Temple   | Became a worshipper of Fedhas Madash
  6902 | D:6      | Noticed a two-headed ogre
  6908 | D:6      | Killed a two-headed ogre
  6909 | D:6      | Reached skill level 9 in Fighting
  6909 | D:6      | Reached XP level 10. HP: 62/78 MP: 0/0
  7353 | D:7      | Found a sand-covered staircase.
  7457 | Ossuary  | Entered an ossuary
  7470 | Ossuary  | Reached * piety under Fedhas
  8365 | D:7      | Reached skill level 10 in Fighting
  8597 | D:7      | Noticed Joseph
  8602 | D:7      | Killed Joseph
  9031 | D:7      | Found a snail-covered altar of Cheibriados.
  9228 | D:8      | Found a flagged portal.
  9254 | Bailey   | Entered a bailey
  9368 | Bailey   | Reached ** piety under Fedhas
 10106 | Bailey   | Reached skill level 11 in Fighting
 10317 | Bailey   | Identified the +1 leather armour "Ciedog" {rC- Str+4 Dex+3}
 10741 | D:8      | Reached *** piety under Fedhas
 10877 | D:8      | Reached XP level 11. HP: 80/87 MP: 0/0
 10877 | D:8      | Learned a level 5 spell: Summon Mana Viper
 10909 | D:8      | Noticed a catoblepas
 10935 | D:8      | Killed a catoblepas
 11357 | D:8      | Reached skill level 12 in Fighting
 11836 | D:9      | Noticed a two-headed ogre
 11845 | D:8      | Killed a two-headed ogre
 12346 | D:9      | Found a staircase to the Orcish Mines.
 12352 | D:9      | Reached skill level 10 in Spellcasting
 12352 | D:9      | Reached skill level 10 in Conjurations
 12352 | D:9      | Reached skill level 10 in Hexes
 12352 | D:9      | Reached skill level 10 in Summonings
 12352 | D:9      | Reached skill level 10 in Necromancy
 12352 | D:9      | Reached skill level 10 in Translocations
 12352 | D:9      | Reached skill level 10 in Fire Magic
 12352 | D:9      | Reached skill level 10 in Ice Magic
 12352 | D:9      | Reached skill level 10 in Air Magic
 12352 | D:9      | Reached skill level 10 in Earth Magic
 12352 | D:9      | Reached skill level 10 in Alchemy
 12650 | D:9      | Noticed a two-headed ogre
 12656 | D:9      | Killed a two-headed ogre
 13231 | D:9      | Reached **** piety under Fedhas
 13842 | D:9      | Reached skill level 13 in Fighting
 14136 | D:9      | Reached XP level 12. HP: 66/98 MP: 0/0
 14141 | D:9      | Identified the ring of Gin and Tonic {*Slow rPois rC+ rN+
                  | Dex+4}
 14277 | D:10     | Entered Level 10 of the Dungeon
 14330 | D:10     | Identified the +9 short sword "Beast's Funeral" {holy, rF+}
 14470 | D:10     | Noticed a two-headed ogre
 14714 | D:10     | Killed a two-headed ogre
 14820 | D:10     | Found Nudiukk's Jewellery Emporium.
 15240 | D:10     | Found a burning altar of Makhleb.
 15485 | D:10     | Identified the amulet "Uhexyu" {Acrobat Str+4 Int-3 Dex+3
                  | Stlth+}
 15553 | D:10     | Found a staircase to the Lair.
 16292 | D:10     | Bought the ring "Nirre" {rC+ SInv Stlth+} for 540 gold
                  | pieces
 16383 | D:11     | Noticed Maurice
 16390 | D:11     | Killed Maurice
 16460 | D:11     | Noticed a two-headed ogre
 16466 | D:11     | Killed a two-headed ogre
 16466 | D:11     | Reached ***** piety under Fedhas
 16467 | D:11     | Reached skill level 14 in Fighting
 16763 | D:11     | Noticed a two-headed ogre
 16769 | D:11     | Killed a two-headed ogre
 17300 | D:11     | Found a runed translucent gate.
 17300 | D:11     | Found a runed translucent gate.
 17300 | D:11     | Found a runed translucent gate.
 17301 | D:11     | Noticed Lightli's ghost (journeyman OnAl)
 17382 | D:11     | Noticed a boulder beetle
 17393 | D:11     | Killed a boulder beetle
 17448 | D:11     | Noticed a two-headed ogre
 17455 | D:11     | Killed a two-headed ogre
 17943 | D:11     | Reached XP level 13. HP: 85/106 MP: 0/0
 17943 | D:11     | Learned a level 5 spell: Fireball
 18338 | D:11     | Found a snail-covered altar of Cheibriados.
 18411 | D:12     | Noticed Sonja
 18413 | D:12     | Identified a scroll of acquirement
 18424 | D:12     | Found a gate leading to a gauntlet.
 18443 | D:12     | Killed Sonja
 18449 | Gauntlet | Entered a Gauntlet
 18449 | Gauntlet | Found a large runed translucent door.
 18449 | Gauntlet | Found a large runed translucent door.
 18449 | Gauntlet | Found a large runed translucent door.
 18449 | Gauntlet | Found a large runed translucent door.
 18449 | Gauntlet | Found a large runed translucent door.
 18449 | Gauntlet | Found a large runed translucent door.
 18449 | Gauntlet | Found a large runed translucent door.
 18449 | Gauntlet | Found a large runed translucent door.
 18449 | Gauntlet | Found a runed translucent door.
 18449 | Gauntlet | Found a runed translucent gate.
 18449 | Gauntlet | Found a transporter.
 18449 | Gauntlet | Found a transporter.
 18449 | Gauntlet | Found a runed translucent gate.
 18449 | Gauntlet | Found a transporter.
 18544 | Gauntlet | Found a transporter.
 18544 | Gauntlet | Found a transporter.
 18546 | Gauntlet | Found a transporter.
 18556 | Gauntlet | Found a transporter.
 18558 | Gauntlet | Found a transporter.
 18563 | Gauntlet | Noticed a quicksilver ooze
 18568 | Gauntlet | Found a transporter.
 18579 | Gauntlet | Found a transporter.
 18598 | Gauntlet | Found a transporter.
 18602 | Gauntlet | Found a transporter.
 18618 | Gauntlet | Found a runed translucent gate.
 18619 | Gauntlet | Found a large runed translucent door.
 18619 | Gauntlet | Found a large runed translucent door.
 18620 | Gauntlet | Found a large runed translucent door.
 18621 | Gauntlet | Found a large runed translucent door.
 18622 | Gauntlet | Found a large runed translucent door.
 18622 | Gauntlet | Found a large runed translucent door.
 18622 | Gauntlet | Found a runed translucent door.
 18623 | Gauntlet | Found a large runed translucent door.
 18624 | Gauntlet | Found a large runed translucent door.
 18903 | Gauntlet | Identified the +0 hat of Ennui {rPois Dex+4}
 19214 | Gauntlet | Reached skill level 15 in Fighting
 19338 | Gauntlet | Killed a quicksilver ooze
 19370 | Gauntlet | Identified the +1 cloak of Amelioration {rN++ Str+3 Dex-4}
 19561 | Gauntlet | Identified the +7 lajatang "Palas" {flame, ^Contam *Corrode
                  | Str+8 Int+6}
 19561 | Gauntlet | Identified the ring of Modesty {Fire rElec Dex+4}
 19561 | Gauntlet | Noticed a minotaur
 19577 | Gauntlet | HP: 2/107 [minotaur/sling bullet (30)]
 20013 | D:12     | Noticed Lodul
 20351 | D:12     | Noticed Snorg
 20358 | D:12     | Killed Snorg
 20496 | D:12     | Reached skill level 16 in Fighting
 21933 | D:12     | Killed Lodul
 22179 | Lair:1   | Entered Level 1 of the Lair of Beasts
 22540 | Lair:1   | Reached skill level 17 in Fighting
 23099 | Lair:1   | Reached ****** piety under Fedhas
 23102 | Lair:1   | Reached XP level 14. HP: 93/119 MP: 0/0
 24138 | Lair:2   | Found a hole to the Spider Nest.
 24149 | Lair:2   | Acquired a manual of Spellcasting
 24293 | Lair:2   | Found an ornate altar of the Wu Jian Council.
 24293 | Lair:2   | Found a hide-covered altar of Uskayaw.
 24528 | Lair:2   | Reached skill level 18 in Fighting
 24973 | Lair:2   | Found a staircase to the Swamp.
 26120 | Lair:3   | Reached skill level 5 in Dodging
 26257 | Lair:3   | Noticed Gastronok
 26663 | Lair:3   | You are sucked into a shaft and drop 1 floor!
 27018 | Lair:3   | Killed Gastronok
 27019 | Lair:3   | Reached skill level 19 in Fighting
 27447 | Lair:3   | Noticed Rupert
 27458 | Lair:3   | Killed Rupert
 28583 | Lair:4   | Reached XP level 15. HP: 12/129 MP: 0/0
 28583 | Lair:4   | Learned a level 6 spell: Conjure Ball Lightning
 29575 | Lair:5   | Entered Level 5 of the Lair of Beasts
 29575 | Lair:5   | Found a staircase to the Slime Pits.
 29575 | Lair:5   | Found a viscous altar of Jiyva.
 30969 | Lair:5   | Reached skill level 15 in Spellcasting
 32174 | Lair:5   | Identified the +0 quarterstaff of Rehaukk {freeze, *Noise
                  | rC++ Will+ Int+3}
 32404 | Orc:1    | Entered Level 1 of the Orcish Mines
 32423 | Orc:1    | Found a dark tunnel.
 32482 | Volcano  | Entered a volcano
 32711 | Volcano  | Reached skill level 1 in Shields
 33823 | Orc:2    | Entered Level 2 of the Orcish Mines
 33878 | Orc:2    | Noticed an orc warlord
 33880 | Orc:1    | Noticed Erica
 33894 | Orc:2    | Noticed Urug
 34641 | Orc:2    | Found Cosatymp's General Store.
 34705 | Orc:2    | Bought a scroll of identify for 24 gold pieces
 34705 | Orc:2    | Bought a scroll of fear for 48 gold pieces
 34705 | Orc:2    | Bought a scroll of summoning for 114 gold pieces
 34716 | Orc:2    | Paralysed by an orc sorcerer for 2 turns
 35835 | Orc:2    | Killed Urug
 36097 | Orc:2    | Found a staircase to the Elven Halls.
 36662 | Orc:2    | Found Otteosit's Antique Armour Shoppe.
 36771 | Orc:2    | Killed an orc warlord
 36772 | Orc:2    | Reached XP level 16. HP: 56/137 MP: 0/0
 37098 | Orc:2    | Bought a pair of faintly glowing gloves for 266 gold pieces
 37098 | Orc:2    | Identified the +1 pair of gloves "Izomeir" {*Corrode Str+6}
                  | (You bought it in a shop on level 2 of the Orcish Mines)
 37231 | Orc:2    | Found Iduolo Fiyr's Antique Weapon Shoppe.
 37298 | Orc:2    | Found Wuddaej's Book Boutique.
 37454 | Orc:2    | Found Wiwesyh's Antique Armour Shop.
 37462 | Orc:2    | Bought a runed troll leather armour for 540 gold pieces
 37912 | Orc:1    | Killed Erica
 37913 | Orc:1    | Reached skill level 20 in Fighting
 38149 | D:13     | Acquired 832 gold pieces
 38495 | D:13     | Reached skill level 10 in Dodging
 38747 | D:13     | Found a gate to the Vaults.
 39119 | D:14     | Reached skill level 5 in Shields
 39808 | D:15     | Entered Level 15 of the Dungeon
 40079 | D:15     | Noticed a fire giant
 40093 | D:15     | Killed a fire giant
 40139 | D:15     | Found a staircase to the Depths.
 40288 | D:15     | Found Muxu Vatz's Vocational Training.
 40406 | D:15     | Found a runed translucent gate.
 40406 | D:15     | Found a runed translucent gate.
 40406 | D:15     | Found a runed translucent gate.
 40408 | D:15     | Noticed ShellytheWitch's ghost (adept KoBr)
 40436 | D:15     | Identified the blade talisman of Brilliance {Int+4}
 40688 | D:15     | Found a sparkling altar of Nemelex Xobeh.
 40944 | D:15     | Killed ShellytheWitch's ghost
 40945 | D:15     | Reached skill level 15 in Conjurations
 40945 | D:15     | Reached skill level 15 in Hexes
 40945 | D:15     | Reached skill level 15 in Summonings
 40945 | D:15     | Reached skill level 15 in Necromancy
 40945 | D:15     | Reached skill level 15 in Translocations
 40945 | D:15     | Reached skill level 15 in Fire Magic
 40945 | D:15     | Reached skill level 15 in Ice Magic
 40945 | D:15     | Reached skill level 15 in Air Magic
 40945 | D:15     | Reached skill level 15 in Earth Magic
 40945 | D:15     | Reached skill level 15 in Alchemy
 41042 | D:15     | Identified the +6 scimitar "Ruoseq" {heavy, rF+}
 41244 | Spider:1 | Entered Level 1 of the Spider Nest
 42821 | Spider:1 | Reached XP level 17. HP: 89/143 MP: 0/0
 42821 | Spider:1 | Learned a level 7 spell: Monstrous Menagerie
 42979 | Spider:1 | You are sucked into a shaft and drop 1 floor!
 45897 | Spider:3 | Identified the +0 helmet of a wizard's laboratory {+Blink
                  | rF- SInv}
 46510 | Spider:4 | Entered Level 4 of the Spider Nest
 46551 | Spider:4 | Reached XP level 18. HP: 131/149 MP: 0/0
 46645 | Spider:4 | Mangled by a spark wasp

Illustrated notes

Levels and vault maps discovered:
D:1:      saegor_arrival_simple_e, layout_loops_corners
D:2:      layout_loops_ring, serial_aquarium, aquarium_bridge_island_small
          [aquarium_subvault_small_open, aquarium_subvault_balcony,
          aquarium_subvault_balcony, aquarium_subvault_bridge,
          aquarium_subvault_bridge], aquarium_window_2, aquarium_window_corner,
          aquarium_window_3, aquarium_window_2, aquarium_view_2c,
          aquarium_view_2c, aquarium_pool_2
D:3:      layout_loops_cross, hellmonk_ecumenical_altar_watching_god,
          serial_shops, shop, fountainhead, minmay_pentomino_pile, uniq_ijyb,
          uniq_crazy_yiuf_cottage
D:4:      layout_loops_ring, lemuel_coloured_pillars_altar,
          jmf_multi_god_temple, serial_shops, shop, columned_hall_lemuel
D:5:      layout_gridville, old_standard_altar, portal_sewer_entry_e
D:6:      layout_cave_pools, minmay_temple_entry_wispy,
          kennysheep_generic_room_14, uniq_maggie, uniq_pikel, uniq_menkaure
D:7:      layout_basic, lemuel_doored_altar, nicolae_ossuary_entry_ruins,
          uniq_joseph
D:8:      minmay_opposing_rooms, layout_basic, enter_bailey_5
D:9:      lemuel_flame_loot_2, layout_stronghold, minmay_orc_entry_temple_large,
          serial_glass, glass_columns_a, glass_columns_a, glass_columns_b,
          glass_columns_a, glass_columns_b
D:10:     layout_basic, mainiacjoe_overflow_alcove_1,
          due_lair_maze_entry_diamond, serial_shops, nicolae_inconvenience_store
D:11:     layout_roguey, gammafunk_ghost_spectres, special_room
          [special_room_bee], nicolae_sextant, slow_altar_2, uniq_maurice
D:12:     layout_basic, serial_library, serial_library_hellmonk_h_bend,
          serial_library_regret_index_multi,
          serial_library_hellmonk_reading_circle,
          serial_library_hellmonk_filled_rooms, serial_library_hellmonk_octagon,
          serial_library_hellmonk_recessed_alcove,
          serial_library_hellmonk_hallway_b, serial_library_hellmonk_room_b,
          serial_library_hellmonk_small_corner, gauntlet_entry_generic,
          uniq_sonja, uniq_lodul, uniq_snorg
D:13:     layout_roguey, david_vaults_1
D:14:     layout_irregular_city, minmay_misc_feat_room
D:15:     grunt_enter_depths_giant_problem, layout_irregular_city,
          nemelex_lonely_heart_becter, gammafunk_ghost_hydra_chop,
          nicolae_shop_vocational
Temple:   nicolae_temple_elliptical
Lair:1:   lemuel_slime, layout_cave_shapes, grunt_megastairs_5
Lair:2:   layout_cave_shapes, minmay_swamp_entry_swarm,
          hellmonk_spider_entry_life_and_decay, nzn_masters_of_martial_movement
Lair:3:   layout_cellular_growth, st_stairs_3, grunt_megastairs_4,
          lemuel_fruit_tree, uniq_rupert, uniq_gastronok
Lair:4:   layout_regular_city, wad_woods_03, infiniplex_staircase_pool_2
Lair:5:   grunt_lair_end_beastmaster, layout_regular_city, slime_entry_1,
          nicolae_quartered_pool_super, chequers_serial_rivers_room_b,
          minivault_23, kennysheep_rathole
Spider:1: nicolae_spider_brood_tunnel, drop_trap
Spider:2: layout_spider_delve, drop_trap, einodemon_crawler_minivault
Spider:3: layout_spider_delve
Spider:4: guppyfry_spider_rune, uniq_arachne, uniq_nikola
Orc:1:    layout_caves, nicolae_volcano_entry_lava_flow, uniq_erica
Orc:2:    grunt_orc_gardens, layout_caves, grunt_orc_garden, grunt_orc_garden,
          grunt_orc_garden, grunt_orc_garden, serial_shops, shop, uniq_urug

Skill      XL: |  1  2  3  4  5  6  7  8  9 10 11 12 13 14 15 16 17 |
---------------+----------------------------------------------------+-----
Spellcasting   | 3 4 5 6 7 9 10 11 12 14 15 16 18 | 18.3
Conjurations   | 3 4 5 6 7 9 10 11 12 13 14 15 | 15.9
Hexes          | 3 4 5 6 7 9 10 11 12 13 14 15 | 15.9
Summonings     | 3 4 5 6 7 9 10 11 12 13 14 15 | 15.9
Necromancy     | 3 4 5 6 7 9 10 11 12 13 14 15 | 15.9
Translocations | 3 4 5 6 7 9 10 11 12 13 14 15 | 15.9
Fire Magic     | 3 4 5 6 7 9 10 11 12 13 14 15 | 15.9
Ice Magic      | 3 4 5 6 7 9 10 11 12 13 14 15 | 15.9
Air Magic      | 3 4 5 6 7 9 10 11 12 13 14 15 | 15.9
Earth Magic    | 3 4 5 6 7 9 10 11 12 13 14 15 | 15.9
Alchemy        | 3 4 5 6 7 9 10 11 12 13 14 15 | 15.9
Fighting       | 1 2 3 4 5 7 9 11 13 14 17 19 20 | 20.0
Dodging        | 6 9 11 13 | 13.6
Shields        | 3 7 9 |  9.8
Short Blades   | |  0.8
Stealth        | |  2.4

Action                     |  1- 3 |  4- 6 |  7- 9 | 10-12 | 13-15 | 16-18 || total
---------------------------+-------+-------+-------+-------+-------+-------++-------
  Melee: Dagger            |    73 |    47 |   245 |       |       |       ||   365
         Punch             |     1 |     1 |     3 |       |       |       ||     5
         Glaive            |       |       |    47 |   599 |  1001 |   626 ||  2273
         Scimitar          |       |       |       |       |       |    17 ||    17
         Quarterstaff      |       |       |       |       |       |     8 ||     8
   Cast: Ensorcelled Hiber |     3 |    12 |    26 |     2 |       |       ||    43
         Magic Dart        |    38 |   119 |    40 |       |       |       ||   197
         Mercury Vapours   |       |       |     1 |       |       |     2 ||     3
         Dazzling Flash    |       |       |     1 |     1 |       |       ||     2
         Manifold Assault  |       |       |    26 |   380 |   588 |   363 ||  1357
         Blink             |       |       |       |     2 |     6 |     3 ||    11
         Summon Mana Viper |       |       |       |    50 |   158 |   123 ||   331
         Fireball          |       |       |       |       |    21 |    60 ||    81
         Conjure Ball Ligh |       |       |       |       |     1 |       ||     1
         Monstrous Menager |       |       |       |       |       |    88 ||    88
  Evoke: Wand              |       |       |       |     8 |     3 |       ||    11
    Use: Scroll            |       |     3 |     2 |    10 |     9 |     8 ||    32
         Potion            |       |       |       |     1 |    11 |     2 ||    14
   Stab: Sleeping          |     5 |     7 |    24 |     3 |       |       ||    39
         Distracted        |       |     1 |       |       |       |     4 ||     5
         Invisible         |       |       |     1 |       |       |       ||     1
         Confused          |       |       |       |       |       |     1 ||     1
 Armour: Robe              |    46 |    38 |   143 |   150 |   326 |     2 ||   705
         Troll leather arm |       |       |       |       |       |   357 ||   357
  Dodge: Dodged            |    60 |    30 |   190 |   127 |   277 |   432 ||  1116

Table legend: (Time is in decaauts)
 A = Elapsed time spent in this place.
 B = Non-inter-level travel time spent in this place.
 C = Inter-level travel time spent in this place.
 D = Time resting spent in this place.
 E = Time spent auto-exploring this place.
 F = Levels seen in this place.
 G = Mean time per level.
                   A        B        C        D        E       F      G
               +--------+--------+--------+--------+--------+-----+--------+
         Total |  47769 |  46463 |   1306 |   9416 |  29301 |  32 | 1492.8 |
       Dungeon |  22050 |  21270 |    780 |   2494 |  15665 |  15 | 1470.0 |
        Temple |    109 |     92 |     17 |     71 |      0 |   1 |  109.0 |
          Lair |  11618 |  11258 |    360 |   1368 |   8325 |   5 | 2323.6 |
   Spider Nest |   4520 |   4423 |     97 |    910 |   2538 |   4 | 1130.0 |
  Orcish Mines |   5073 |   5023 |     50 |   2796 |   1439 |   2 | 2536.5 |
         Sewer |    552 |    552 |      0 |     26 |    217 |   1 |  552.0 |
       Ossuary |    703 |    703 |      0 |    308 |    258 |   1 |  703.0 |
        Bailey |   1142 |   1142 |      0 |    488 |    386 |   1 | 1142.0 |
       Volcano |    691 |    691 |      0 |    321 |    180 |   1 |  691.0 |
      Gauntlet |   1307 |   1307 |      0 |    633 |    292 |   1 | 1307.0 |
               +--------+--------+--------+--------+--------+-----+--------+

Top non-repeatable levels by time:
  Lair:2: 3478 daAuts
   Orc:1: 2871 daAuts
  Lair:5: 2622 daAuts
    D:12: 2523 daAuts
    D:10: 2276 daAuts
   Orc:2: 2202 daAuts
    D:11: 2185 daAuts
     D:9: 2109 daAuts
  Lair:3: 2049 daAuts
     D:8: 2001 daAuts
  Lair:4: 1827 daAuts
Spider:2: 1771 daAuts
  Lair:1: 1641 daAuts
Spider:1: 1385 daAuts
Gauntlet: 1307 daAuts
